 Dungeon Crawl Stone Soup version 0.23.2-40-g277498a001 (webtiles) character file.

Game seed: 2892781910419060367

6 Exodus22XD the Sneak (level 1, 0/7 HPs)
             Began as a Felid Enchanter on Aug 27, 2019.
             Slain by a giant cockroach (1 damage)
             ... on level 1 of the Dungeon.
             The game lasted 00:01:19 (354 turns).

Exodus22XD the Sneak (Felid Enchanter)               Turns: 354, Time: 00:01:20

Health: 0/7        AC:  1    Str:  4    XL:     1   Next: 75%
Magic:  1/4        EV: 18    Int: 16    God:
Gold:   42         SH:  0    Dex: 16    Spells: 3/4 levels left
                                        Lives:  0   Deaths: 0

rFire    . . .     SeeInvis +     - Unarmed
rCold    . . .     Gourm    .   (shield unavailable)
rNeg     . . .     Faith    .   (armour unavailable)
rPois    .         Spirit   .   (helmet unavailable)
rElec    .         Reflect  .   (cloak unavailable)
rCorr    .         Harm     .   (gloves unavailable)
MR       .....                  (boots unavailable)
Stlth    +++.......             (no amulet)
HPRegen  0.02/turn              (no ring)
MPRegen  0.09/turn              (no ring)

@: quick
A: very small, no armour, no weapons or thrown items, stealth, claws 1, fangs 3,
see invisible, carnivore, speed 1, shaggy fur 1, slow metabolism 1, sharp paws
a: no special abilities


You were on level 1 of the Dungeon.
You were not hungry.

You visited 1 branch of the dungeon, and saw 1 of its levels.

You collected 42 gold pieces.

Inventory:

Scrolls
 a - a scroll of enchant armour {unknown}
Comestibles
 b - 3 rations


   Skills:
 - Level 2.6 Dodging
 * Level 4.7 Stealth
 - Level 1.0 Unarmed Combat
 - Level 2.0 Spellcasting
 - Level 4.4 Hexes


You had 3 spell levels left.
You knew the following spells:

 Your Spells              Type           Power        Failure   Level  Hunger
a - Corona                Hex            ###....      3%          1    #......

Your spell library contained the following spells:

 Spells                   Type           Power        Failure   Level  Hunger
 Confuse                  Hex            ###.....     11%         3    ###....
 Tukima's Dance           Hex            ###.....     11%         3    ###....
 Ensorcelled Hibernation  Hex/Ice        #.....       13%         2    ###....
 Dazzling Spray           Conj/Hex       #.....       26%         3    ###....


Dungeon Overview and Level Annotations

Branches:
Dungeon (1/15)

Altars:


Innate Abilities, Weirdness & Mutations

You cannot wear armour.
You are incapable of wielding weapons or throwing items.
Your paws allow you to move quietly. (Stealth)
You have sharp claws.
You have razor-sharp teeth.
You have supernaturally acute eyesight. (SInv)
You are carnivorous and can eat meat at any time.
You cover ground quickly.
You are covered in fur. (AC +1)
You have a slow metabolism.
Your sharp claws are effective at attacking unaware monsters.


Message History

The giant cockroach completely misses you.
Casting: Corona (safe; 3% risk of failure)
Confirm with . or Enter, or press ? or * to list all spells.
Aiming: Corona (safe; 3% risk of failure)
Press: ? - help, Shift-Dir - straight line, f/p - giant cockroach
Aim: a giant cockroach (clinging, chance to defeat MR: 69%)
The giant cockroach is outlined in light.
The giant cockroach bites you but does no damage.
You barely miss the giant cockroach. The giant cockroach barely misses you.
The giant cockroach bites you.
You barely miss the giant cockroach.
You bite the giant cockroach, but do no damage.
The giant cockroach bites you.
You barely miss the giant cockroach. The giant cockroach bites you.
You scratch the giant cockroach but do no damage.
The giant cockroach bites you.
* * * LOW HITPOINT WARNING * * *
You scratch the giant cockroach but do no damage.
The giant cockroach bites you.
You die...

#####.#[...# #.#
#.....#....#########.#
#.....#....'.........#
#.....#....###########
#.....#....##....#
#.....#.[..##....#
#.....#.#####....# .
#.....#.##.......#....
##....#...)...@s......
#....####....####....
####.# #....# # #.#
#....# #.# ###### #.#
#.# #.# #.#


You could see a giant cockroach.

Vanquished Creatures
  A dart slug (D:1)
  A bat (D:1)
  A hobgoblin (D:1)
  A kobold (D:1)
4 creatures vanquished.

Notes
Turn   | Place    | Note
-------+----------+-------------------------------------------
     0 | D:1      | Exodus22XD the Felid Enchanter began the quest for the Orb.
     0 | D:1      | Reached XP level 1. HP: 7/7 MP: 4/4
     9 | D:1      | Noticed a bullfrog
   354 | D:1      | Slain by a giant cockroach

Action                   || total
-------------------------++-------
Melee: Unarmed           ||    28
       Bite              ||     3
 Cast: Corona            ||     8
 Stab: Sleeping          ||     1
Armor: Skin              ||     2
Dodge: Dodged            ||    25
